 Dungeon Crawl Stone Soup version 0.19-a0-1111-gcceb26a (webtiles) character file.

658 Geppetto the Cudgeler (level 7, -2/43 HPs)
             Began as a Gargoyle Monk on Aug 10, 2016.
             Slain by Prince Ribbit (9 damage)
             ... on level 5 of the Dungeon.
             The game lasted 00:10:07 (3683 turns).

Geppetto the Cudgeler (Gargoyle Monk)               Turns: 3683, Time: 00:10:08

Health: -2/43      AC: 12    Str: 13 (14) XL:     7   Next: 55%
Magic:  7/7        EV: 11    Int: 12 (14) God:
Gold:   218        SH:  0    Dex: 14      Spells: 0 memorised, 6 levels left

rFire  + . .     SeeInvis .     j - +0 flail
rCold  x . .     Gourm    .     h - +0 ring mail
rNeg   + . .     Faith    .     (no shield)
rPois  ∞         Spirit   .     f - +0 helmet
rElec  +         Dismiss  .     k - +0 cloak
rCorr  .         Reflect  .     (no gloves)
SustAt .         Harm     .     (no boots)
MR     .....     Rnd*Rage +     (no amulet)
Stlth  +.........               t - ring of fire (curse)
                                m - +3 ring of intelligence

@:
A: berserk 1, deterioration 1, negative energy resistance 1, electricity
resistance, unbreathing, petrification resistance, rot immunity, AC +4
a: no special abilities


You were on level 5 of the Dungeon.
You were very hungry.

You visited 1 branch of the dungeon, and saw 5 of its levels.

You collected 218 gold pieces.

Inventory:

Hand Weapons
 j - a +0 flail (weapon)
Armour
 f - a +0 helmet (worn)
 h - a +0 ring mail (worn)
 k - a +0 cloak (worn)
Jewellery
 m - a +3 ring of intelligence (left hand)
 t - a cursed ring of fire (right hand)
Scrolls
 a - a scroll of teleportation
 i - a scroll of blinking {unknown}
 s - a scroll of remove curse
 u - a scroll of amnesia {unknown}
Potions
 e - a potion of cancellation
 g - 2 potions of curing
 o - a potion of lignification
 r - a potion of degeneration
Books
 n - a book of the Warp

   Spells                             Type                      Level
   a - Recall                         Summoning/Translocation      3
   b - Gell's Gravitas                Hexes/Translocation          3
   c - Force Lance                    Conjuration/Translocation    4
   d - Warp Weapon                    Charms/Translocation         5
   e - Summon Forest                  Summoning/Translocation      5
Comestibles
 b - 3 beef jerkies
 c - 3 bread rations
 d - 2 meat rations
 p - 5 fruits


   Skills:
 + Level 4.1 Fighting
 - Level 7.3 Maces & Flails
 * Level 3.7 Armour
 - Level 2.4 Dodging
 - Level 2.1 Stealth


You had 6 spell levels left.
You didn't know any spells.

Dungeon Overview and Level Annotations

Branches:
Dungeon (5/15)
 Temple: D:4-7

Altars:
Gozag
Hepliaklqana
Kikubaaqudgha
Uskayaw
Xom
Yredelemnul

Shops:
D:4 [

Annotations:
D:5 5 runed doors, Prince Ribbit


Innate Abilities, Weirdness & Mutations

You are resistant to torment.
Your stone body is resilient. (AC +4)
You are immune to poison.
You resist negative energy. (rN+)
You are resistant to electric shocks. (rElec)
You can survive without breathing.
You are immune to petrification.
You are immune to rotting.
You tend to lose your temper in combat.
Your body sometimes deteriorates upon taking damage.


Message History

Prince Ribbit is moderately wounded.
Prince Ribbit hits you.
* * * LOW HITPOINT WARNING * * *
You feel better. Prince Ribbit hits you!
* * * LOW HITPOINT WARNING * * *
Prince Ribbit barely misses you.
You feel better. Prince Ribbit closely misses you.
You sock Prince Ribbit!
Prince Ribbit is heavily wounded.
Prince Ribbit hits you but does no damage.
Prince Ribbit hits you!
* * * LOW HITPOINT WARNING * * *
Your body deteriorates!
You feel dopey.
You hit Prince Ribbit.
Prince Ribbit is heavily wounded.
Prince Ribbit hits you but does no damage.
You hit Prince Ribbit.
Prince Ribbit is heavily wounded.
Prince Ribbit hits you!
You die...

#...##+##...##+##..
#.#..##..y....##...
#######+#...##...y.##....
#............##.yy##.....
#........###..#y.y#......
#........# ##.##y##......
#........# #..#+#..#####
#........#####.#)#.## #
#....(..@F..##.###.# #
#........##.##..#..# #
#........##.###.#.## #
#........##.# #.#.#
........##.# #...#
##########.###..#####
#.##.........
#.##.#######. #.##.#


You could see Prince Ribbit.

Vanquished Creatures
  Sigmund (D:5)
  A sky beast (D:5)
  A scorpion (D:4)
  A vampire bat (D:4)
  A crimson imp (D:5)
  A giant frog zombie (D:5)
  A centaur zombie (D:5)
  A giant frog skeleton (D:4)
  2 worker ants (D:5)
  6 adders
  A howler monkey skeleton (D:4)
  2 oozes
  A worm (D:2)
  A dart slug (D:2)
  2 giant geckos
  5 orcs
  A ball python (D:1)
  2 bat skeletons (D:4)
  3 bat zombies (D:4)
  3 giant cockroaches
  6 goblins
  7 hobgoblins
  5 bats
  4 giant newts
  10 kobolds
  8 rats
77 creatures vanquished.

Vanquished Creatures (others)
  A crocodile (D:5)
1 creature vanquished.

Grand Total: 78 creatures vanquished

Notes
Turn   | Place    | Note
-------+----------+-------------------------------------------
     0 | D:1      | Geppetto the Gargoyle Monk began the quest for the Orb.
     0 | D:1      | Reached XP level 1. HP: 14/14 MP: 1/1
   391 | D:1      | Reached XP level 2. HP: 19/19 MP: 2/2
   611 | D:2      | Reached skill level 4 in Maces & Flails
   611 | D:2      | Reached XP level 3. HP: 23/23 MP: 3/3
   675 | D:2      | Found a shimmering altar of Xom.
  1262 | D:2      | Reached XP level 4. HP: 28/28 MP: 4/4
  1393 | D:2      | Found a shimmering altar of Xom.
  1393 | D:2      | Found a shimmering altar of Xom.
  1394 | D:2      | Found a shimmering altar of Xom.
  1397 | D:2      | Found a shimmering altar of Xom.
  1408 | D:2      | Found a shimmering altar of Xom.
  1413 | D:2      | Found a shimmering altar of Xom.
  1601 | D:3      | Reached skill level 5 in Maces & Flails
  1624 | D:3      | Found a hazy altar of Hepliaklqana.
  1718 | D:3      | Found a basalt altar of Yredelemnul.
  2481 | D:4      | Reached XP level 5. HP: 32/32 MP: 5/5
  2498 | D:4      | Found an ancient bone altar of Kikubaaqudgha.
  2553 | D:4      | Found a hide-covered altar of Uskayaw.
  2702 | D:4      | Reached skill level 6 in Maces & Flails
  2718 | D:4      | Found Litredo's Armour Emporium.
  2755 | D:4      | Found an opulent altar of Gozag.
  2806 | D:4      | Reached XP level 6. HP: 24/37 MP: 6/6
  2950 | D:5      | Entered Level 5 of the Dungeon
  2960 | D:5      | Noticed a sky beast
  2975 | D:5      | Killed a sky beast
  2975 | D:5      | Reached skill level 7 in Maces & Flails
  3167 | D:5      | Found a runed door.
  3167 | D:5      | Noticed a soldier ant
  3168 | D:5      | Found a runed gate.
  3169 | D:5      | Noticed a soldier ant
  3188 | D:5      | Found a runed door.
  3195 | D:5      | Reached skill level 1 in Armour
  3232 | D:5      | Noticed Sigmund
  3251 | D:5      | Killed Sigmund
  3251 | D:5      | Reached XP level 7. HP: 32/42 MP: 7/7
  3571 | D:5      | Found a runed gate.
  3573 | D:5      | Found a runed gate.
  3594 | D:5      | Gained mutation: You tend to lose your temper in combat. [potion of mutation]
  3594 | D:5      | Gained mutation: Your body sometimes deteriorates upon taking damage. [potion of mutation]
  3649 | D:5      | Noticed Prince Ribbit
  3683 | D:5      | Slain by Prince Ribbit

Vault maps used:
D:1:      dpeg_arrival_refuge
D:2:      xom_redecorated, first_bread
D:3:      nicolae_overflow_crystal_walls, lemuel_doored_altar
D:4:      lemuel_round_altar, lemuel_crystal_altar, kennysheep_vampire_church,
          serial_shops, shop
D:5:      gammafunk_pakellas_statue_experiment, serial_shops, shop,
          minmay_guarded_unrand_staff_of_olgreb, uniq_sigmund,
          uniq_prince_ribbit1

Skill      XL: |  1  2  3  4  5  6  7 |
---------------+----------------------+-----
Maces & Flails | 4 5 6 7 |  7.3
Armour         | 3 |  3.7
Fighting       | 4 |  4.1
Dodging        | |  2.4
Stealth        | |  2.1

Action                   |  1- 3 |  4- 6 |  7- 9 || total
-------------------------+-------+-------+-------++-------
Melee: Mace              |    85 |   102 |       ||   187
       Flail             |       |   116 |    37 ||   153
  Use: Scroll            |       |     7 |     4 ||    11
       Potion            |       |     1 |     4 ||     5
  Eat: Chunk             |     1 |     7 |     1 ||     9
Armor: Robe              |     8 |       |       ||     8
       Ring mail         |    39 |   124 |    19 ||   182
Dodge: Dodged            |    54 |   135 |    17 ||   206
